 Dungeon Crawl Stone Soup version 0.27-a0-1591-gc56fcc985a (webtiles) character file.

Game seed: 9274068518832680319

4785 Spaninq the Severer (level 10, 0/160 HPs)
             Began as an Ogre Berserker on July 19, 2021.
             Was a High Priest of Trog.
             Shot with an arrow by a centaur warrior (20 damage)
             ... on level 8 of the Dungeon.
             The game lasted 00:20:16 (11833 turns).

Spaninq the Severer (Ogre Berserker)               Turns: 11833, Time: 00:20:17

Health: 0/160      AC:  5    Str: 26    XL:     10   Next: 47%
Magic:  10/10      EV: 10    Int:  8    God:    Trog [*****.]
Gold:   517        SH:  0    Dex:  8    Spells: 9/9 levels left

rFire    . . .     SeeInvis +   f - +4 battleaxe
rCold    . . .     Faith    .   (shield currently unavailable)
rNeg     . . .     Spirit   .   w - +1 robe {Will+}
rPois    .         Reflect  .   (helmet restricted)
rElec    .         Harm     .   v - +0 cloak
rCorr    .         Rampage  .   (gloves unavailable)
Will     ++...                  (boots unavailable)
Stlth    ..........             (no amulet)
HPRegen  0.36/turn              c - ring of flight
MPRegen  0.12/turn              d - ring of see invisible

@: berserking, flying, very quick
A: large, unfitting armour, tough skin 1
a: Renounce Religion, Berserk, Trog's Hand, Brothers in Arms


You were on level 8 of the Dungeon.
You worshipped Trog.
Trog was extremely pleased with you.
You visited 1 branch of the dungeon, and saw 8 of its levels.
You also visited: Sewer and Ossuary.

You collected 517 gold pieces.

Inventory:

Hand Weapons
 f - a +4 battleaxe (weapon)
 s - a +3 antimagic battleaxe
 x - a +0 broad axe
Armour
 v - a +0 cloak (worn)
 w - a +1 robe of willpower (worn)
 y - a +0 kite shield
Jewellery
 c - a ring of flight (left hand)
 d - a ring of see invisible (right hand)
 m - a ring of ice
Wands
 t - a wand of paralysis (6)
 u - a wand of iceblast (5)
Scrolls
 a - 3 scrolls of enchant armour
 b - a scroll of identify
 j - 3 scrolls of teleportation
 q - a scroll of magic mapping
 r - a scroll of fear
 z - a scroll of summoning
Potions
 e - 5 potions of haste
 g - 2 potions of invisibility
 h - 3 potions of heal wounds
 i - 6 potions of curing
 k - a potion of berserk rage
 l - 2 potions of resistance
 n - a potion of cancellation
 o - a potion of magic
 p - a potion of degeneration {unknown}


   Skills:
 + Level 9.5 Fighting
 * Level 15.2 Axes
 - Level 2.6 Dodging


You had 9 spell levels left.
You didn't know any spells.
Your spell library was empty.

Dungeon Overview and Level Annotations

Branches:
Dungeon (8/15)             Temple (0/1) D:4           Sewer (visited)
Ossuary (visited)
   Lair: D:8-11

Altars:
Hepliaklqana
Ru
Xom
Zin
The Shining One


Innate Abilities, Weirdness & Mutations

You are too large for most types of armour.
You have tough skin. (AC +1)


Message History

As you open the door, it creaks loudly!
A gnoll sergeant comes into view. It is wielding a +0 spear.
The gnoll sergeant shouts!
The gnoll sergeant closely misses you.
There is an open door here.
Found a ring mail.
The gnoll sergeant hits you with a +0 spear!
You barely miss the gnoll sergeant.
The gnoll sergeant hits you with a +0 spear.
You slice the gnoll sergeant!!
The gnoll sergeant is severely wounded.
Something unseen opens the door.
The gnoll sergeant barely misses you.
You hit the gnoll sergeant.
The gnoll sergeant is almost dead.
The gnoll sergeant hits you with a +0 spear!
You hit the gnoll sergeant.
You kill the gnoll sergeant!
Trog accepts your kill.
Found a hand axe.
A centaur warrior opens the door.
Things that are here:
a +0 spear; a +0 ring mail You slice the cyclops!!
The cyclops is heavily wounded.
The cyclops hits you.
You hit the cyclops.
The cyclops is heavily wounded.
The centaur warrior wields a +0 longbow.
The centaur warrior shoots an arrow.
The arrow hits you!!
The centaur warrior shoots an arrow.
The arrow hits you!!
* * * LOW HITPOINT WARNING * * *
You hear an angry hiss.
A red film seems to cover your vision as you go berserk!
You feel yourself moving faster!
You feel mighty! The cyclops hits you!!
* * * LOW HITPOINT WARNING * * *
The centaur warrior shoots an arrow.
The arrow hits you.
* * * LOW HITPOINT WARNING * * *
You slash the cyclops!
The cyclops is almost dead.
The centaur warrior shoots an arrow.
The arrow hits you!!
You die...

#.....# #.###.#
#...#.# #####
###.#.###
####...# #.#...#
##....#'##
#.###.#####
#..####†8####
#.# #.....#
#.##..c..'..##
#.# #######
######.#
#..#8@.#####.#
.......#
#######C#.....#
......##
#![)[))#'#.#####
......#
.####+###.#.#
#.....##.. ..#.#
#.....### ##.#
#.....# #.#
#.....## #.#
#......# #.#


You could see a centaur warrior and a cyclops.

Vanquished Creatures
  Maurice (D:8)
  A wyvern (D:8)
  Eustachio (D:6)
  A water moccasin (D:7)
  A black bear (D:6)
  2 orc warriors
  A sky beast (D:7)
  3 ice beasts
  3 ogres
  2 centaurs
  A phantom (D:5)
  3 bullfrogs
  A gnoll sergeant (D:8)
  An elf zombie (Ossuary)
  10 scorpions
  17 wights
  2 bullfrog zombies
  A hound (D:5)
  A jelly (D:6)
  2 centaur skeletons
  3 orc priests
  2 gnoll shamans
  Jessica (D:2)
  3 iguanas
  3 orc wizards
  A killer bee zombie (D:8)
  5 ogre zombies (Ossuary)
  A hound skeleton (D:2)
  7 mummies (Ossuary)
  10 adders
  7 gnolls
  A shadow imp (D:7)
  2 ufetubi
  2 adder skeletons
  3 adder zombies (Ossuary)
  5 worms
  2 dart slugs
  16 orcs
  2 endoplasms (D:3)
  6 giant cockroaches
  10 hobgoblins
  10 jackals
  13 kobolds
  7 quokkas
  13 ball pythons
  6 bats
  4 frilled lizards
  6 goblins
  5 goblin zombies (Ossuary)
  7 hobgoblin zombies (Ossuary)
  4 kobold zombies (Ossuary)
  An orc zombie (Ossuary)
  2 quokka zombies (Ossuary)
  10 rats
  3 rat zombies
238 creatures vanquished.

Vanquished Creatures (others)
  25 plants
25 creatures vanquished.

Grand Total: 263 creatures vanquished

Notes
Turn   | Place    | Note
-------+----------+-------------------------------------------
     0 | D:1      | Spaninq the Ogre Berserker began the quest for the Orb.
     0 | D:1      | Reached XP level 1. HP: 24/24 MP: 1/1
   218 | D:1      | Reached XP level 2. HP: 28/32 MP: 2/2
   760 | D:1      | Reached ** piety under Trog
   761 | D:1      | Reached XP level 3. HP: 38/40 MP: 3/3
  1284 | D:2      | Reached skill level 4 in Axes
  1538 | D:2      | Reached XP level 4. HP: 21/49 MP: 4/4
  1788 | D:2      | Reached skill level 5 in Fighting
  1801 | D:2      | Reached skill level 5 in Axes
  1801 | D:2      | Reached XP level 5. HP: 18/57 MP: 5/5
  2121 | D:2      | Noticed Jessica
  2126 | D:2      | Found a glowing golden altar of the Shining One.
  2133 | D:2      | Killed Jessica
  2874 | D:3      | Reached XP level 6. HP: 29/67 MP: 6/6
  3456 | D:3      | Found a sacrificial altar of Ru.
  3756 | D:3      | Found a glowing golden altar of the Shining One.
  3799 | D:4      | Noticed an orc warrior
  3815 | D:4      | Killed an orc warrior
  3815 | D:4      | Reached *** piety under Trog
  3816 | D:4      | Reached skill level 6 in Axes
  3823 | D:4      | HP: 3/68 [orc (4)]
  3830 | D:4      | HP: 2/68 [orc (3)]
  4374 | D:4      | Reached XP level 7. HP: 31/76 MP: 7/7
  4394 | D:4      | Found a glowing drain.
  4398 | Sewer    | Entered a sewer
  5392 | D:4      | Reached skill level 13 in Axes
  5392 | D:4      | Reached XP level 8. HP: 84/84 MP: 8/8
  5703 | D:4      | Found a staircase to the Ecumenical Temple.
  6373 | D:5      | Entered Level 5 of the Dungeon
  6619 | D:5      | Identified the +6 short sword of Anguish {elec, Fly Str+2}
  6628 | D:5      | Reached skill level 14 in Axes
  6939 | D:5      | Found a hazy altar of Hepliaklqana.
  7132 | D:5      | Reached XP level 9. HP: 62/86 MP: 9/9
  7272 | D:5      | Reached **** piety under Trog
  7695 | D:6      | Found a sand-covered staircase.
  7739 | Ossuary  | Entered an ossuary
  8270 | Ossuary  | Reached ***** piety under Trog
  9094 | D:6      | Noticed Eustachio
  9103 | D:6      | Killed Eustachio
  9399 | D:7      | Reached XP level 10. HP: 59/101 MP: 10/10
  9906 | D:7      | Received a gift from Trog
 10066 | D:7      | Reached skill level 15 in Axes
 10378 | D:8      | Found a glowing silver altar of Zin.
 10378 | D:8      | Noticed an angel
 10379 | D:8      | Found a shimmering altar of Xom.
 10394 | D:8      | Noticed Maurice
 10404 | D:8      | Killed Maurice
 11816 | D:8      | Noticed a cyclops
 11817 | D:8      | Noticed a centaur warrior
 11833 | D:8      | Shot with an arrow by a centaur warrior

Illustrated notes

Levels and vault maps discovered:
D:1:      dpeg_arrival_brainrot, layout_basic, minmay_indecisive_spiral
D:2:      cheibrodos_pilgrimage, layout_basic, basic_altar, uniq_jessica
D:3:      minmay_recursive_quarters, layout_basic, lemuel_round_altar,
          general_overflow_altar
D:4:      layout_loops_cross, minmay_temple_entry_metal_lava,
          gup_sewer_entry_spiral, minmay_ruptured
D:5:      layout_rooms, nicolae_hepliaklqana_hazy_memory
D:6:      layout_basic, enter_ossuary_3, mrwooster_statue_mirror,
          lemuel_old_faithful, uniq_eustachio
D:7:      layout_loops_ring
D:8:      minmay_chambers_of_sixes, layout_basic,
          grunt_temple_overflow_order_and_chaos_1, uniq_maurice

Skill      XL: |  1  2  3  4  5  6  7  8  9 10 |
---------------+-------------------------------+-----
Axes           | 4 5 6 13 14 15 | 15.2
Fighting       | 5 6 7 8 9 |  9.5
Dodging        | |  2.6

Action                   |  1- 3 |  4- 6 |  7- 9 | 10-12 || total
-------------------------+-------+-------+-------+-------++-------
Melee: Hand axe          |   119 |    22 |       |       ||   141
       War axe           |       |   167 |   121 |       ||   288
       Battleaxe         |       |       |   196 |    93 ||   289
Invok: Berserk           |       |     3 |     1 |     1 ||     5
  Use: Scroll            |       |     5 |    14 |       ||    19
       Potion            |       |     4 |     4 |       ||     8
Armor: Animal skin       |    44 |    58 |    57 |     4 ||   163
       Skin              |       |     1 |       |       ||     1
       Robe              |       |       |       |     2 ||     2
Dodge: Dodged            |    63 |   104 |   105 |    43 ||   315

Table legend: (Time is in decaauts)
 A = Elapsed time spent in this place.
 B = Non-inter-level travel time spent in this place.
 C = Inter-level travel time spent in this place.
 D = Time resting spent in this place.
 E = Time spent auto-exploring this place.
 F = Levels seen in this place.
 G = Mean time per level.
                   A        B        C        D        E       F      G
               +--------+--------+--------+--------+--------+-----+--------+
         Total |  12072 |  11686 |    386 |   2740 |   6760 |  10 | 1207.2 |
       Dungeon |  10021 |   9635 |    386 |   2355 |   5656 |   8 | 1252.6 |
         Sewer |   1070 |   1070 |      0 |    170 |    596 |   1 | 1070.0 |
       Ossuary |    980 |    980 |      0 |    215 |    507 |   1 |  980.0 |
               +--------+--------+--------+--------+--------+-----+--------+

Top non-repeatable levels by time:
     D:4: 1709 daAuts
     D:2: 1592 daAuts
     D:8: 1421 daAuts
     D:3: 1334 daAuts
     D:1: 1213 daAuts
   Sewer: 1070 daAuts
     D:6: 998 daAuts
 Ossuary: 980 daAuts
     D:5: 921 daAuts
     D:7: 829 daAuts
